 Dungeon Crawl Stone Soup version 0.27.1 (webtiles) character file.

Game seed: 12688423106250918621

120 ZARRMARR the Chopper (level 5, -4/47 HPs)
             Began as a Hill Orc Monk on Aug 22, 2021.
             Slain by Grinder (5 damage)
             ... while paralysed by Grinder
             ... on level 3 of the Dungeon.
             The game lasted 00:12:31 (3738 turns).

ZARRMARR the Chopper (Hill Orc Monk)                Turns: 3738, Time: 00:12:31

Health: -4/47      AC:  6    Str: 15    XL:     5   Next: 4%
Magic:  1/1        EV:  2    Int: 10    God:
Gold:   74         SH:  0    Dex: 13    Spells: 4/4 levels left

rFire    . . .     SeeInvis .   b - +2 hand axe (antimagic)
rCold    . . .     Faith    .   (no shield)
rNeg     . . .     Spirit   .   g - +0 ring mail
rPois    .         Reflect  .   (no helmet)
rElec    .         Harm     .   j - +0 cloak
rCorr    .         Rampage  .   (no gloves)
Will     .....                  (no boots)
Stlth    +.........             (no amulet)
HPRegen  0.15/turn              (no ring)
MPRegen  0.07/turn              (no ring)

@: paralysed, hasted
A: no striking features
a: no special abilities


You were on level 3 of the Dungeon.
You visited 1 branch of the dungeon, and saw 3 of its levels.

You collected 74 gold pieces.

Inventory:

Hand Weapons
 b - a +2 antimagic hand axe (weapon)
Missiles
 a - 24 stones (quivered)
Armour
 g - a +0 ring mail (worn)
 j - a +0 cloak (worn)
Scrolls
 h - a scroll of torment {unknown}
 i - a scroll of teleportation {unknown}


   Skills:
 + Level 4.5 Fighting
 + Level 6.1 Axes
 + Level 1.9 Armour
 - Level 2.4 Dodging
 - Level 1.5 Stealth


You had 4 spell levels left.
You didn't know any spells.
Your spell library contained the following spells:

 Spells                   Type           Power      Damage    Failure   Level
 Corpse Rot               Necr/Air       N/A        N/A       73%         2
 Poisonous Vapours        Pois/Air       0%         N/A       73%         2
 Freezing Cloud           Conj/Ice/Air   0%         6-21      100%        5


Dungeon Overview and Level Annotations

Branches:
Dungeon (3/15)

Altars:
Trog
Zin

Shops:
D:1 =[*

Annotations:
D:3 Grinder


Message History

Grinder is moderately wounded.
You feel less invigorated.
You feel less confused. Grinder hits you.
You writhe in agony.
You hit Grinder but do no damage.
Grinder is moderately wounded.
Grinder hits you but does no damage.
You hit Grinder.
Grinder's magic leaks into the air.
Grinder is heavily wounded.
Grinder gestures at you.
You suddenly lose the ability to move!
Grinder gestures at you.
You shrug off the repeated paralysis!
Grinder hits you.
You writhe in agony.
You can move again.
It was a potion of haste.
You feel yourself speed up. Grinder hits you.
You writhe in agony.
You closely miss Grinder.
Grinder is heavily wounded.
You completely miss Grinder.
Grinder is heavily wounded.
Grinder hits you.
* * * LOW HITPOINT WARNING * * *
You hit Grinder.
Grinder's magic leaks into the air.
Grinder is heavily wounded.
Grinder drinks a potion.
Grinder is healed!
Unknown command.
You hit Grinder.
Grinder's magic leaks into the air.
Grinder is heavily wounded.
You hit Grinder but do no damage.
Grinder is heavily wounded.
Grinder gestures at you.
You suddenly lose the ability to move!
Grinder hits you but does no damage. Grinder hits you!
* * * LOW HITPOINT WARNING * * *
Grinder hits you.
* * * LOW HITPOINT WARNING * * *
You writhe in agony.
You die...

..............#._.#..#
.....#........#.(.#..#
≈....#.##.....##.##..#
≈...... #......#.#...#
≈...... #......#(#.#.#
.#.##.# ###.#..#.#...#
...# #.#..#'#..## #..#
##....5....# ....
#(((...@...# .#.
#.(#.######## .#) #
##.<( ..#.. .....
..... ..... .....


You could see Grinder.

Vanquished Creatures
  A howler monkey skeleton (D:3)
  3 adders (D:2)
  An adder skeleton (D:3)
  A worm (D:2)
  A dart slug (D:2)
  An orc (D:3)
  10 endoplasms
  2 giant cockroaches
  2 goblins
  11 hobgoblins
  3 jackals (D:2)
  3 quokkas
  6 ball pythons
  9 bats
  3 frilled lizards
  5 kobolds
  8 rats
70 creatures vanquished.

Vanquished Creatures (others)
  A plant (D:1)
1 creature vanquished.

Grand Total: 71 creatures vanquished

Notes
Turn   | Place    | Note
-------+----------+-------------------------------------------
     0 | D:1      | ZARRMARR the Hill Orc Monk began the quest for the Orb.
     0 | D:1      | Reached XP level 1. HP: 19/19 MP: 1/1
   493 | D:1      | Reached XP level 2. HP: 27/27 MP: 2/2
   624 | D:1      | You fall into a shaft and drop 1 floor!
   658 | D:2      | Found a bloodstained altar of Trog.
   896 | D:1      | Reached XP level 3. HP: 33/33 MP: 1/3
  1020 | D:1      | Found Qenyme's Antique Armour Shop.
  1039 | D:1      | Reached skill level 5 in Axes
  1140 | D:1      | Found a faded altar of an unknown god.
  1281 | D:1      | Reached skill level 1 in Armour
  1404 | D:1      | Found Nepp's Assorted Antiques.
  1425 | D:1      | Found Leubbi's Jewellery Emporium.
  1824 | D:2      | Reached XP level 4. HP: 25/41 MP: 1/4
  3112 | D:2      | Reached skill level 6 in Axes
  3351 | D:3      | Reached XP level 5. HP: 47/47 MP: 1/5
  3692 | D:3      | Found a glowing silver altar of Zin.
  3693 | D:3      | Noticed Grinder
  3709 | D:3      | Paralysed by Grinder for 2 turns
  3727 | D:3      | Paralysed by Grinder for 3 turns
  3735 | D:3      | Paralysed by Grinder for 3 turns
  3738 | D:3      | HP: 1/47 [Grinder (6)]
  3738 | D:3      | Slain by Grinder

Illustrated notes

Levels and vault maps discovered:
D:1:      lightli_arrival_flooded_house, layout_basic,
          hellmonk_ecumenical_altar_leap_of_faith, serial_shops,
          nicolae_shop_behind_doors, shop, shop, minmay_misc_feat_columns
D:2:      layout_basic, basic_altar, interstate_on_off
D:3:      layout_rooms, mainiacjoe_overflow_surrounded_room,
          amethyst_overflow_temple_binary, serial_rivers,
          chequers_serial_rivers_micro_d, chequers_serial_rivers_small_b,
          chequers_serial_rivers_micro_c, chequers_serial_rivers_micro_e,
          chequers_serial_rivers_micro_e, chequers_serial_rivers_room_b,
          uniq_grinder

Skill      XL: |  1  2  3  4 |
---------------+-------------+-----
Fighting       | 4 |  4.5
Axes           | 5 6 |  6.1
Armour         | 1 |  1.9
Dodging        | |  2.4
Stealth        | |  1.5

Action                   |  1- 3 |  4- 6 || total
-------------------------+-------+-------++-------
Melee: Hand axe          |   117 |    81 ||   198
Throw: Stone             |    69 |    66 ||   135
       Dart              |       |     8 ||     8
  Use: Scroll            |     1 |       ||     1
       Potion            |       |     3 ||     3
Armor: Leather armour    |    27 |     2 ||    29
       Robe              |     1 |       ||     1
       Ring mail         |       |    23 ||    23
Dodge: Dodged            |    60 |    42 ||   102
